 Dungeon Crawl Stone Soup version 0.29.0-4-gdea44cf6ec (webtiles) character file.

Game seed: 7295213173406794478

13 qw the Chopper (level 2, 0/17 HPs)
             Began as a Tengu Warper on Aug 28, 2022.
             Succumbed to their own poison gas
             ... on level 2 of the Dungeon.
             The game lasted 00:00:02 (279 turns).

qw the Chopper (Tengu Warper)                        Turns: 279, Time: 00:00:03

Health: 0/17       AC:  6    Str: 11    XL:     2   Next: 37%
Magic:  6/6        EV:  9    Int: 13    God:
Gold:   24         SH:  0    Dex: 13    Spells: 5/5 levels left

rFire   . . .      SeeInvis .   Y - +0 hand axe
rCold   . . .      Faith    .   (no shield)
rNeg    . . .      Spirit   .   h - +0 scale mail
rPois   .          Reflect  .   (helmet restricted)
rElec   .          Harm     .   (no cloak)
rCorr   .          Rampage  .   (no gloves)
Will    .....                   (boots unavailable)
Stlth   ..........              (no amulet)
HPRegen 0.05/turn               (no ring)
MPRegen 0.10/turn               (no ring)

@: lethally poisoned (0 -> -9)
A: beak, talons 3
a: no special abilities


You were on level 2 of the Dungeon.
You visited 1 branch of the dungeon, and saw 2 of its levels.

You collected 24 gold pieces.


Innate Abilities, Weirdness & Mutations

You have a beak for a mouth.
You have claws for feet.


   Skills:
 - Level 2.0 Fighting
 + Level 3.3 Axes
 - Level 1.0 Throwing
 - Level 1.1 Armour
 - Level 2.1 Dodging
 - Level 2.0 Spellcasting
 - Level 2.4 Translocations


You had 5 spell levels left.
You didn't know any spells.
Your spell library contained the following spells:

 Spells                   Type           Power      Damage    Failure   Level
 Blink                    Tloc           14%        N/A       65%         2
 Gell's Gravitas          Tloc           7%         N/A       86%         3
 Lesser Beckoning         Tloc           7%         N/A       86%         3
 Teleport Other           Tloc           7%         N/A       86%         3
 Manifold Assault         Tloc           7%         N/A       100%        5

Inventory:

Hand Weapons
 g - a +0 club
 Y - a +0 hand axe (weapon)
Armour
 h - a +0 scale mail (worn)

Dungeon Overview and Level Annotations

Branches:
Dungeon (2/15)

Altars:


Message History

You start putting on your armour.
You continue putting on your +0 ring mail. x5
You finish putting on your +0 ring mail.
261 ||| DROPPING +0 leather armour.
You drop a +0 leather armour.
262 ||| UPGRADING to +0 scale mail.
You start removing your armour.
You continue taking off your +0 ring mail. x4
You finish taking off your +0 ring mail.
You start putting on your armour.
You continue putting on your +0 scale mail. x5
You finish putting on your +0 scale mail.
272 ||| DROPPING +0 ring mail.
You drop a +0 ring mail.
273 ||| READING scroll labelled OFEUBB FOCWIF.
As you read the scroll labelled OFEUBB FOCWIF, it crumbles to dust.
You hear a loud clanging noise!
It was a scroll of noise.
You hear a shout!
You hear a bark!
274 ||| READING scroll labelled GAETIA UFOLE.
The air fills with toxic fumes!
As you read the scroll labelled GAETIA UFOLE, it crumbles to dust.
It was a scroll of poison.
275 ||| DROPPING scroll of blinking.
You drop a scroll of blinking.
(D) Dungeon
Where to? (* - list waypoints, ? - help)
What level of the Dungeon? (default 1, ? - help) Sorry, I don't know how to get there.
Partly explored, can't reach some places.
276 ||| Stepping randomly (stuck).
Really walk into that cloud of poison gas?
You are engulfed in poison gas.
You are lethally poisoned!
You feel very sick.
277 ||| Stepping ~*~*~tactically~*~*~ (cloud).
You feel very sick.
Things that are here:
a scroll of blinking; a +0 ring mail; a +0 leather armour
There is a lethal amount of poison in your body!
You feel very sick.
There is a lethal amount of poison in your body!
You die...

#.#.#
#######
###¤#.######
#¤.¤¤#.....#
#¤#¤#.####.#
#¤#¤#.#
#¤#¤#.#
#¤¤¤..#
#¤¤#### #¤@#
#¤¤# #¤¤¤
#¤¤¤# #¤¤¤0
##¤¤## #¤¤#
#<.#


There were no monsters in sight!

Vanquished Creatures
  A giant cockroach (D:1)
  2 goblins (D:1)
  3 ball pythons (D:1)
  4 bats
  3 rats
13 creatures vanquished.

Notes
Turn   | Place    | Note
-------+----------+-------------------------------------------
     0 | D:1      | qw the Tengu Warper began the quest for the Orb.
     0 | D:1      | Reached XP level 1. HP: 12/12 MP: 4/4
     0 | D:1      | 0 ||| qw: Version: 0.1-a-89-g26bdef1
     0 | D:1      | 0 ||| qw: Game counter: 2175
     0 | D:1      | 0 ||| qw: Always use a shield: true
     0 | D:1      | 0 ||| qw: God list: Okawaru
     0 | D:1      | 0 ||| qw: Allow faded altars: false
     0 | D:1      | 0 ||| qw: Do Orc after D:15 true
     0 | D:1      | 0 ||| qw: Do second Lair branch before Depths: true
     0 | D:1      | 0 ||| qw: Lair rune preference: random
     0 | D:1      | 0 ||| qw: Plans: Normal
     0 | D:1      | 0 ||| PLANNING D:1-11
    84 | D:1      | 84 ||| Stepping ~*~*~tactically~*~*~ (stealth).
   148 | D:1      | Reached skill level 3 in Axes
   148 | D:1      | Reached XP level 2. HP: 17/17 MP: 6/6
   191 | D:1      | You fall into a shaft and drop 1 floor!
   251 | D:2      | 251 ||| UPGRADING to +0 ring mail.
   261 | D:2      | 261 ||| DROPPING +0 leather armour.
   262 | D:2      | 262 ||| UPGRADING to +0 scale mail.
   272 | D:2      | 272 ||| DROPPING +0 ring mail.
   273 | D:2      | 273 ||| READING scroll labelled OFEUBB FOCWIF.
   274 | D:2      | 274 ||| READING scroll labelled GAETIA UFOLE.
   275 | D:2      | 275 ||| DROPPING scroll of blinking.
   276 | D:2      | 276 ||| Stepping randomly (stuck).
   277 | D:2      | 277 ||| Stepping ~*~*~tactically~*~*~ (cloud).
   278 | D:2      | HP: 2/17 [poisoned by you (poison gas)]
   279 | D:2      | Succumbed to their own poison gas

Levels and vault maps discovered:
D:1:      dpeg_arrival_rhombi, layout_rooms, shapermc_ecumenical_altar_acropolis
D:2:      layout_loops_ring, basic_altar

Skill      XL: |  1 |
---------------+----+-----
Axes           | 3 |  3.3
Fighting       | |  2.0
Throwing       | |  1.0
Armour         | |  1.1
Dodging        | |  2.1
Spellcasting   | |  2.0
Translocations | |  2.4

Action                   || total
-------------------------++-------
Melee: Hand axe          ||    22
       Kick              ||     3
       Peck              ||     3
Throw: Boomerang         ||     7
  Use: Scroll            ||     2
Armor: Leather armour    ||    12
Dodge: Dodged            ||    16

Table legend:
 A = Non-vault XP
 B = Vault XP
 C = Vault XP percentage of total XP
 D = Non-vault monster count
 E = Vault monster count
 F = Vault count percentage of total count
                 A         B        C        D         E       F
            +---------+---------+-------+---------+---------+-------
      Total |      19 |       0 |   0.0 |      13 |       0 |   0.0
            +---------+---------+-------+---------+---------+-------
        D:1 |      16 |       0 |   0.0 |      11 |       0 |   0.0
        D:2 |       3 |       0 |   0.0 |       2 |       0 |   0.0
            +---------+---------+-------+---------+---------+-------
